 Dungeon Crawl Stone Soup version 0.29.1-2-gbd0b4ee654 (webtiles) character file.

Game seed: 8707422906188922113

112 sanboga the Chopper (level 4, -7/40 HPs)
             Began as a Draconian Monk on Nov 27, 2022.
             Killed by divine providence
             ... invoked by an orc priest
              (14 damage)
             ... on level 3 of the Dungeon.
             The game lasted 00:04:18 (2557 turns).

sanboga the Chopper (Draconian Monk)                Turns: 2557, Time: 00:04:18

Health: -7/40      AC:  5    Str: 15    XL:     4   Next: 63%
Magic:  4/4        EV: 12    Int: 11    God:
Gold:   111        SH:  3    Dex: 13    Spells: 3/3 levels left

rFire   . . .      SeeInvis .   a - +0 hand axe
rCold   . . .      Faith    .   d - +0 buckler
rNeg    . . .      Spirit   .   (body armour unavailable)
rPois   +          Reflect  .   (helmet restricted)
rElec   .          Harm     .   c - scarf {repulsion}
rCorr   .          Rampage  .   (no gloves)
Will    .....                   (no boots)
Stlth   ++........              (no amulet)
HPRegen 0.13/turn               f - ring of poison resistance
MPRegen 0.09/turn               (no ring)

@: repel missiles
A: AC +5, unfitting armour, cold-blooded
a: no special abilities


You were on level 3 of the Dungeon.
You visited 1 branch of the dungeon, and saw 3 of its levels.

You collected 111 gold pieces.

Inventory:

Hand Weapons
 a - a +0 hand axe (weapon)
Armour
 c - a scarf of repulsion (worn)
 d - a +0 buckler (worn)
Jewellery
 f - a ring of poison resistance (left hand)
Wands
 n - a wand of charming (11)
 r - a wand of digging (5)
Scrolls
 h - a scroll of fear {unknown}
 j - a scroll of magic mapping {unknown}
 k - a scroll of poison {unknown}
 l - a scroll of summoning {unknown}
 o - a scroll of acquirement {unknown}
Potions
 e - 2 potions of flight {unknown}
 g - 2 potions of curing {unknown}
 i - a potion of haste
 p - a potion of resistance {unknown}
 q - a potion of mutation {unknown}


   Skills:
 + Level 4.1 Fighting
 * Level 4.4 Axes
 + Level 3.3 Dodging
 - Level 1.7 Stealth


You had 3 spell levels left.
You didn't know any spells.
Your spell library was empty.

Dungeon Overview and Level Annotations

Branches:
Dungeon (3/15)

Altars:


Innate Abilities, Weirdness & Mutations

Your plain brown scales are hard. (AC +5)
You cannot fit into any form of body armour.
You are cold-blooded and may be slowed by cold attacks.


Message History

You hit the orc.
You kill the orc!
The orc closely misses you.
You hit the orc.
You kill the orc!
The orc priest shouts!
Items here: ( )) [ †.
You are confused.
You feel invigorated.
The orc priest hits you but does no damage.
You closely miss the orc priest. The orc priest barely misses you.
You closely miss the orc priest. The orc priest barely misses you.
You feel less invigorated.
You feel less confused.
The orc priest invokes the aid of Beogh against you.
Pain shoots through your body!
The orc priest invokes the aid of Beogh against you.
Beogh smites you!
You hit the orc priest but do no damage.
The orc priest miscasts a cantrip.
You hit the orc priest but do no damage.
The orc priest mumbles some strange prayers to Beogh against you.
You barely resist. You completely miss the orc priest.
The orc priest misses you.
You hit the orc priest but do no damage.
The orc priest hits you with a +0 flail.
You hit the orc priest.
The orc priest is lightly wounded.
You block the orc priest's attack.
You hit the orc priest but do no damage.
The orc priest is lightly wounded.
The orc priest calls down the wrath of Beogh upon you.
Pain shoots through your body!
* * * LOW HITPOINT WARNING * * *
You hit the orc priest.
The orc priest is lightly wounded.
The orc priest miscasts a cantrip.
The orc priest mumbles some strange prayers to Beogh against you.
Beogh smites you!
You die...

##
#######...............#
#...........#####.#####
#...........#####.#####
#.....................#
#..............##.###.#
#....$...............
#.....).......##.#.#.
#.....))).....##.#...
#....@........##.# ###
#.....o.......##..
#.............# ##
#...............
#.............###
#..............
#.............
.............


You could see an orc priest.

Vanquished Creatures
  3 adders
  A worm (D:3)
  A dart slug (D:1)
  10 orcs (D:3)
  5 bats
  6 endoplasms
  5 giant cockroaches
  9 goblins
  7 hobgoblins
  3 ball pythons
  3 frilled lizards
  4 kobolds
  6 rats
63 creatures vanquished.

Notes
Turn   | Place    | Note
-------+----------+-------------------------------------------
     0 | D:1      | sanboga the Draconian Monk began the quest for the Orb.
     0 | D:1      | Reached XP level 1. HP: 19/19 MP: 1/1
   207 | D:1      | Reached XP level 2. HP: 26/26 MP: 2/2
   572 | D:1      | Found a faded altar of an unknown god.
   937 | D:2      | Reached XP level 3. HP: 33/33 MP: 3/3
  1681 | D:2      | Reached XP level 4. HP: 40/40 MP: 4/4
  2557 | D:3      | Killed from afar by an orc priest

Illustrated notes

Levels and vault maps discovered:
D:1:      nicolae_arrival_washed_ashore, layout_basic,
          shapermc_ecumenical_altar_ellora
D:2:      layout_loops_corners
D:3:      layout_basic

Skill      XL: |  1  2  3  4 |
---------------+-------------+-----
Dodging        | 3 |  3.3
Axes           | 4 |  4.4
Fighting       | 4 |  4.1
Stealth        | |  1.7

Action                   |  1- 3 |  4- 6 || total
-------------------------+-------+-------++-------
Melee: Hand axe          |   124 |    73 ||   197
       Tailslap          |    14 |     9 ||    23
  Use: Scroll            |     2 |     2 ||     4
       Potion            |       |     1 ||     1
 Stab: Sleeping          |     7 |     2 ||     9
Armor: Skin              |    28 |    29 ||    57
Dodge: Dodged            |    75 |    49 ||   124
Block: Buckler           |    14 |    13 ||    27
